 Dungeon Crawl Stone Soup version 0.30-a0-465-g8901f6c8b5 (webtiles) character file.

Game seed: 17883497614880373816

212 greenreed the Stinger (level 6, -4/41 HPs)
             Began as a Formicid Venom Mage on Dec 17, 2022.
             Slain by Dordric's ghost (7 damage)
             ... on level 3 of the Dungeon.
             The game lasted 00:11:03 (4017 turns).

greenreed the Stinger (Formicid Venom Mage)         Turns: 4017, Time: 00:11:04

Health: -4/41      AC:  2    Str: 12    XL:     6   Next: 13%
Magic:  7/12       EV: 12    Int: 17    God:
Gold:   139        SH:  0    Dex: 14    Spells: 9/13 levels left

rFire   . . .      SeeInvis +    d - +0 spear
rCold   . . .      Faith    .    (no shield)
rNeg    . . .      Spirit   .    a - +0 robe
rPois   +          Reflect  .    (helmet unavailable)
rElec   .          Harm     .    (no cloak)
rCorr   .          Rampage  .    (no gloves)
Will    .....                    (no boots)
Stlth   ++........               (no amulet)
HPRegen 0.26/turn                o - ring of poison resistance
MPRegen 0.13/turn                (no ring)

@: very slightly contaminated
A: permanent stasis, dig shafts and tunnels, antennae 3, four strong arms
a: Dig, Shaft Self


You were on level 3 of the Dungeon.
You visited 1 branch of the dungeon, and saw 3 of its levels.

You collected 163 gold pieces.
You spent 24 gold pieces at shops.

Inventory:

Hand Weapons
 d - a +0 spear (weapon)
Missiles
 p - 4 poisoned darts
Armour
 a - a +0 robe (worn)
Jewellery
 o - a ring of poison resistance (left hand)
Scrolls
 c - 3 scrolls of teleportation
 f - a scroll of immolation {unknown}
 h - a scroll of magic mapping {unknown}
 j - a scroll of fog {unknown}
 k - a scroll of enchant weapon {unknown}
 l - a scroll of blinking {unknown}
 n - a scroll of identify
Potions
 b - a potion of magic
 e - a potion of curing {unknown}
 g - 2 potions of cancellation
 i - 2 potions of berserk rage {unknown}
 m - 2 potions of degeneration {unknown}


   Skills:
 + Level 0.7 Polearms
 + Level 2.4 Dodging
 + Level 2.9 Stealth
 * Level 4.1 Spellcasting
 + Level 1.2 Transmutations
 * Level 6.0 Poison Magic


You had 9 spell levels left.
You knew the following spells:

 Your Spells              Type           Power      Damage    Failure   Level
a - Sting                 Tmut/Pois      60%        1d6       3%          1
b - Mephitic Cloud        Conj/Pois/Air  10%        N/A       21%         3

Your spell library contained the following spells:

 Spells                   Type           Power      Damage    Failure   Level
 Poisonous Vapours        Pois/Air       26%        N/A       7%          2
 Olgreb's Toxic Radiance  Pois           24%        N/A       13%         4
 Kiss of Death            Conj/Necr      12%        2d6       16%         1
 Confusing Touch          Hex            3%         N/A       43%         3
 Dispel Undead            Necr           3%         3d7       83%         4


Dungeon Overview and Level Annotations

Branches:
Dungeon (3/15)

Altars:

Shops:
D:2 ?

Annotations:
D:3 Dordric's ghost, amateur FeBe


Innate Abilities, Weirdness & Mutations

You cannot be hasted, slowed, berserked, paralysed or teleported.
You can dig through walls and to a lower floor.
You have a pair of large antennae on your head. (SInv)
Your four strong arms can wield two-handed weapons with a shield.


Message History

The sting hits Dordric's ghost.
Dordric's ghost is lightly damaged.
You miscast Sting.
You are very lightly contaminated with residual magic.
Nothing appears to happen.
You miss Dordric's ghost.
Dordric's ghost is lightly damaged.
Dordric's ghost lets out a mournful wail.
Dordric's ghost hits you!
You hit Dordric's ghost but do no damage.
Dordric's ghost is lightly damaged.
Dordric's ghost hits you.
You closely miss Dordric's ghost.
Dordric's ghost is lightly damaged.
Dordric's ghost hits you!
The sting hits Dordric's ghost.
Dordric's ghost partially resists.
Dordric's ghost is lightly damaged.
Dordric's ghost hits you!
Reach: d) +0 spear
Press: ? - help, Dir - move target, f/p - Dordric's ghost
Aim: Dordric's ghost (lightly damaged, about 76% to evade your +0 spear)
Okay, then.
Casting: Sting (safe; 3% risk of failure)
Confirm with . or Enter, or press ? or * to list all spells.
Aiming: Sting (safe; 3% risk of failure)
Press: ? - help, Shift-Dir - straight line, f/p - Dordric's ghost
Aim: Dordric's ghost (lightly damaged, 42% to hit)
The sting hits Dordric's ghost.
Dordric's ghost partially resists.
Dordric's ghost is lightly damaged.
Dordric's ghost hits you!
* * * LOW HITPOINT WARNING * * *
Casting: Sting (safe; 3% risk of failure)
Confirm with . or Enter, or press ? or * to list all spells.
Aiming: Sting (safe; 3% risk of failure)
Press: ? - help, Shift-Dir - straight line, f/p - Dordric's ghost
Aim: Dordric's ghost (lightly damaged, 42% to hit)
The sting hits Dordric's ghost.
Dordric's ghost partially resists.
Dordric's ghost is moderately damaged.
Dordric's ghost hits you!
You die...

.#######)# #..#..$(...#......#..
.........# #..#..#.#..#....#.##.
.#######.# #..#.#...#.#..#.#.##.
## #.# #..#..#.#..#......##. #
#.# #..#.......#..######' ## #.#
#..#.......#..# ##.. .##
###.####..###'''###..# ##... ..##
#.....##.............###....
...###.....##...@W........##.....
..))....(....)...#.........'.....
...###.......####.###...####.....
..## #......## ##.#.#.## ##....
.## ###...## ##..### ##.>. ##
##.## #....# ##.. ###### #.#
##..## ##' .....# #.# ##.# #.
####.# #†# #####.#### #.


You could see Dordric's ghost.

Vanquished Creatures
  An orc priest (D:3)
  2 orc wizards (D:3)
  2 adders (D:2)
  7 worms
  3 dart slugs
  9 orcs (D:3)
  4 bats
  10 endoplasms
  3 goblins
  7 hobgoblins
  3 jackals (D:1)
  3 quokkas
  9 ball pythons
  2 frilled lizards
  4 kobolds
  11 rats
80 creatures vanquished.

Notes
Turn   | Place    | Note
-------+----------+-------------------------------------------
     0 | D:1      | greenreed the Formicid Venom Mage began the quest for the
                  | Orb.
     0 | D:1      | Reached XP level 1. HP: 13/13 MP: 3/3
   292 | D:1      | Reached XP level 2. HP: 19/19 MP: 3/5
   492 | D:1      | Reached XP level 3. HP: 16/24 MP: 1/6
  1702 | D:2      | Reached XP level 4. HP: 30/30 MP: 5/8
  1822 | D:2      | Reached skill level 5 in Poison Magic
  2106 | D:2      | Found Ozoll's Magic Scroll Emporium.
  2150 | D:2      | Bought a scroll of identify for 24 gold pieces
  2710 | D:3      | Found a runed translucent gate.
  2710 | D:3      | Found a runed translucent gate.
  2710 | D:3      | Found a runed translucent gate.
  2711 | D:3      | Noticed Dordric's ghost (amateur FeBe)
  2924 | D:3      | Reached XP level 5. HP: 35/35 MP: 4/10
  3129 | D:3      | Reached skill level 6 in Poison Magic
  3521 | D:3      | Reached XP level 6. HP: 35/41 MP: 3/12
  3655 | D:3      | Learned a level 3 spell: Mephitic Cloud
  4016 | D:3      | HP: 2/41 [Dordric's ghost (16)]
  4017 | D:3      | Slain by Dordric's ghost

Illustrated notes

Levels and vault maps discovered:
D:1:      elethiomel_arrival_maze, layout_loops_ring, corexii_corridor_pit,
          kennysheep_boxes
D:2:      layout_loops_corners, serial_shops, shop
D:3:      layout_loops_corners, gammafunk_ghost_split, minmay_bisected

Skill      XL: |  1  2  3  4  5 |
---------------+----------------+-----
Spellcasting   | 3 4 |  4.1
Poison Magic   | 5 6 |  6.0
Dodging        | 2 |  2.4
Polearms       | |  0.7
Stealth        | |  2.9
Transmutations | |  1.2

Action                   |  1- 3 |  4- 6 || total
-------------------------+-------+-------++-------
Melee: Spear             |    39 |    38 ||    77
       Punch             |     1 |       ||     1
 Cast: Sting             |    61 |   112 ||   173
  Use: Scroll            |       |     2 ||     2
 Stab: Sleeping          |     2 |     1 ||     3
Armor: Robe              |     3 |     6 ||     9
Dodge: Dodged            |    33 |    40 ||    73

Table legend: (Time is in decaauts)
 A = Elapsed time spent in this place.
 B = Non-inter-level travel time spent in this place.
 C = Inter-level travel time spent in this place.
 D = Time resting spent in this place.
 E = Time spent auto-exploring this place.
 F = Levels seen in this place.
 G = Mean time per level.
                   A        B        C        D        E       F      G
               +--------+--------+--------+--------+--------+-----+--------+
         Total |   4024 |   3980 |     44 |      0 |   3445 |   3 | 1341.3 |
       Dungeon |   4024 |   3980 |     44 |      0 |   3445 |   3 | 1341.3 |
               +--------+--------+--------+--------+--------+-----+--------+

Top non-repeatable levels by time:
     D:3: 1441 daAuts
     D:1: 1317 daAuts
     D:2: 1265 daAuts
